Unix NetHack Version 3.7.0-59 Work-in-progress - last build May 16 2022 12:43:45 (a5643931ae982fe3d73c1e8fa12183825c7d6632,branch:master). Game began 2022-05-16 20:01:12, ended 2022-05-16 20:20:32. ang3l, lawful female dwarven Valkyrie ---------- -------------- |.........## # #.............| #.........| # # #|............-## -------- ###|........|#######%#%# #-------------- # |......| # |...<....| #####################################.......| # ------.--- # # |......| ## ### ## # |......| # # ## # -------- # #### # # --------- # ----- # # ----- ## ###-.......-# # |*..|## # |...-################## |.......|# # |..@|# -.------ |...| # 0######-.......|# # |..q|# |.......### |...| # ---------# # |....# |......| # |...| # ##### # ----- |......| ##.....## #-----|-- |......| ----- #...(...| |......| |......| -------- -------- Ang3l the Skirmisher St:15 Dx:10 Co:18 In:9 Wi:10 Ch:10 Lawful S:1235 Dlvl:5 $:117 HP:0(45) Pw:7(7) AC:0 Xp:5/217 T:3238 Latest messages: You are getting the munchies. You stop searching. There is a dwarf corpse here; eat it? q What do you want to eat? Oh wow, like, superior, man! You finish eating the food ration. Everything looks SO boring now. You stop searching. You see here a dwarf corpse. You see here a dwarf corpse. You have a little trouble lifting a dwarf corpse. Continue? q You hear crashing rock. You hit the rock mole! You hit the rock mole. You miss the rock mole. You miss the rock mole. You miss the rock mole. You kill the rock mole! You see here 2 rocks. The dingo bites! You hit the dingo! The dingo bites! You hit the dingo! The dingo bites! The dingo bites! You miss the dingo. The dingo bites! You miss the dingo. The dingo misses! You miss the dingo. The dingo bites! You miss the dingo. The dingo bites! The dingo bites! You miss the dingo. The dingo bites! The dingo bites! You hit the dingo! The dingo bites! What do you want to write with? You write in the dust with your fingertip. The dingo turns to flee. You see here an orcish ring mail. You climb up the stairs. You stop searching. You hit the rothe! The rothe misses! The rothe bites! The rothe bites! You die... Major events: Turn 1: ang3l the lawful dwarven Valkyrie entered the dungeon 1405: attained the rank of Skirmisher (level 3) 3238: killed by a rothe Inventory: Coins ('$') $ - 117 gold pieces Weapons (')') n - 6 uncursed +0 darts b - an uncursed +0 dagger (alternate weapon; not wielded) R - an uncursed +0 elven dagger e - 2 uncursed +0 orcish daggers (at the ready) a - an uncursed +1 long sword (weapon in hand) Armor ('[') C - a cursed -1 pair of gauntlets of dexterity (being worn) S - an uncursed +0 pair of elven boots c - an uncursed +3 small shield (being worn) u - an uncursed burnt +0 dwarvish cloak (being worn) B - an uncursed +1 elven mithril-coat (being worn) Comestibles ('%') j - 2 uncursed pumpkin muffins o - 2 cursed pumpkin muffins v - a cursed apple G - an uncursed cram ration d - 2 uncursed food rations z - 4 uncursed tripe rations H - an uncursed egg Scrolls ('?') T - an uncursed scroll of identify t - an uncursed scroll of magic mapping Q - an uncursed scroll of stinking cloud p - 2 uncursed scrolls of teleportation Potions ('!') E - an uncursed potion of gain ability K - an uncursed potion of gain energy L - an uncursed potion of healing I - an uncursed potion of levitation V - an uncursed potion of restore ability A - a cursed potion of sleeping M - an uncursed potion of speed Rings ('=') x - an uncursed +2 ring of protection m - an uncursed ring of teleport control Wands ('/') r - an uncursed wand of make invisible named canc,tel,make invis (0:4) Tools ('(') g - an empty cursed sack h - a cursed credit card Gems/Stones ('*') N - an uncursed aquamarine stone U - 2 uncursed worthless pieces of red glass w - an uncursed worthless piece of yellow glass Ang3l the Valkyrie's attributes: Background: You were a Skirmisher, a level 5 dwarven Valkyrie. You were lawful, on a mission for Tyr who was opposed by Odin (neutral) and Loki (chaotic). You were in the Dungeons of Doom, on level 5. You entered the dungeon 3238 turns ago. There was a full moon in effect when your adventure ended. You had 217 experience points, 103 more were needed to attain level 6. Your score was 1235 before end-of-game adjustments. Basics: You had 0 out of 45 hit points. You had all 7 energy points (spell power). Your armor class was 0. Your wallet contained 117 zorkmids. Autopickup was off. Final Characteristics: Your strength was 15 (peak:18, limit:18/100). Your dexterity was 10 (base:11, limit:20). Your constitution was 18 (limit:20). Your intelligence was 9 (limit:16). Your wisdom was 10 (limit:16). Your charisma was 10 (limit:16). Final Status: You were not hungry. You were unencumbered. You were wielding a long sword. You had basic skill with long sword and could have enhanced that. Final Attributes: You were piously aligned. You were cold resistant. You had infravision. You were stealthy. You were guarded. You were lucky. You are dead. Miscellaneous: You never encountered a bones level. Total elapsed playing time was 19 minutes and 19 seconds. Vanquished creatures: an imp 2 rock moles a golden naga hatchling a floating eye a kitten a homunculus a hill orc 2 rothes a rabid rat a centipede 3 dwarf zombies a wererat a werejackal 2 coyotes a hobbit 3 giant rats 3 cave spiders 2 yellow molds a garter snake 3 geckos 9 jackals 3 goblins 8 grid bugs 3 lichens 3 kobold zombies 5 newts 63 creatures vanquished. No species were genocided or became extinct. Voluntary challenges: You read items or engraved 3 times. You engraved Elbereth 1 time. You never genocided any monsters. You never polymorphed an object. You never changed form. You used no wishes. Achievements: You entered a shop. You attained the rank of Skirmisher. The Dungeons of Doom: levels 1 to 6 Level 1: Level 2: Level 3: An armor shop, a grave. Level 4: Level 5: <- You were here. Final resting place for you, killed by a rothe. Level 6: Many fountains. Game over: ---------- / \ / REST \ / IN \ / PEACE \ / \ | ang3l | | 117 Au | | killed by a | | rothe | | | | | | 2022 | *| * * * | * _________)/\\_//(\/(/\)/\//\/|_)_______ Farvel ang3l the Valkyrie... You died in The Dungeons of Doom on dungeon level 5 with 1224 points, and 117 pieces of gold, after 3238 moves. You were level 5 with a maximum of 45 hit points when you died.